 Dungeon Crawl Stone Soup version 0.21.1-1-g345015fe64 (webtiles) character file.

7357 Gargoyl the Cleaver (level 10, 0/84 HPs)
             Began as a Centaur Abyssal Knight on June 16, 2018.
             Was a High Priest of Lugonu.
             Slain by Henning's ghost (12 damage)
             ... on level 9 of the Dungeon.
             The game lasted 00:22:58 (10850 turns).

Gargoyl the Cleaver (Centaur Abyssal Knight)       Turns: 10850, Time: 00:22:59

Health: 0/84       AC: 24    Str: 17    XL:     10   Next: 91%
Magic:  11/15      EV:  3    Int: 11    God:    Lugonu [*****.]
Gold:   152        SH:  3    Dex: 10    Spells: 9/9 levels left

rFire    . . .     SeeInvis .   e - +2 hand axe (elec)
rCold    + . .     Gourm    .   E - +0 buckler {rPois}
rNeg     . . .     Faith    .   r - +1 chain mail {rC+}
rPois    +         Spirit   .   F - +1 helmet
rElec    .         Reflect  .   h - +1 cloak
rCorr    .         Harm     .   y - +0 pair of gloves
MR       .....                  B - +0 centaur barding
Stlth    ..........             (no amulet)
HPRegen  0.24/turn              f - +2 ring of protection
MPRegen  0.14/turn              (no ring)

@: very quick
A: large, hooves 3, deformed body, speed 2, tough skin 3
a: Depart the Abyss, Bend Space, Banish, Corrupt, Enter the Abyss, Renounce
Religion


You were on level 9 of the Dungeon.
You worshipped Lugonu.
Lugonu was extremely pleased with you.
You were not hungry.

You visited 1 branch of the dungeon, and saw 9 of its levels.
You visited the Abyss 1 time.
You also visited: Sewer.

You collected 543 gold pieces.
You spent 391 gold pieces at shops.

Inventory:

Hand Weapons
 a - a +1 hand axe
 e - a +2 hand axe of electrocution (weapon)
 C - a +3 broad axe of flaming
Missiles
 b - 8 tomahawks (quivered)
Armour
 h - a +1 cloak (worn)
 r - a +1 chain mail of cold resistance (worn)
 y - a +0 pair of gloves (worn)
 B - a +0 centaur barding (worn)
 E - a +0 buckler of poison resistance (worn)
 F - a +1 helmet (worn)
Jewellery
 f - a +2 ring of protection (left hand)
Wands
 d - a wand of polymorph (15)
 D - a wand of digging (13)
Scrolls
 k - a scroll of fear
 l - 2 scrolls of identify
 t - 7 scrolls of teleportation
 x - 6 scrolls of remove curse
Potions
 g - 2 potions of agility
 i - a potion of magic
 j - 4 potions of heal wounds
 m - a potion of resistance
 n - a potion of flight
 o - 3 potions of invisibility
 p - 2 potions of might
 s - a potion of berserk rage
 v - a potion of brilliance {unknown}
 w - 3 potions of haste
 z - 4 potions of curing
Comestibles
 c - 18 rations


   Skills:
 + Level 6.6 Fighting
 + Level 8.7 Axes
 + Level 1.2 Throwing
 * Level 8.0 Armour
 + Level 2.3 Dodging
 + Level 0.7 Shields
 * Level 7.6 Invocations


You had 9 spell levels left.
You didn't know any spells.

Dungeon Overview and Level Annotations

Branches:
Dungeon (9/15)             Temple (0/1) D:4            Lair (0/6) D:9
    Orc: D:9-12

Altars:
Ashenzari
Dithmenos
Elyvilon
Fedhas
Gozag
Hepliaklqana
Kikubaaqudgha
Makhleb
Okawaru
Wu Jian
Zin

Shops:
D:7 *

Annotations:
D:9 Henning's ghost, novice TrAK


Innate Abilities, Weirdness & Mutations

You have hooves in place of feet.
Armour fits poorly on your strangely shaped body.
You cover ground very quickly.
You have extremely tough skin. (AC +3)


Message History

You slash Henning's ghost!
Henning's ghost is severely damaged.
You hit Henning's ghost but do no damage.
You kick Henning's ghost.
Henning's ghost is almost destroyed.
Henning's ghost barely misses you.
You hit Henning's ghost but do no damage.
Your kick misses Henning's ghost.
Henning's ghost is almost destroyed.
Henning's ghost hits you!!
* * * LOW HITPOINT WARNING * * *
You closely miss Henning's ghost.
Henning's ghost is almost destroyed.
Henning's ghost hits you!
* * * LOW HITPOINT WARNING * * *
Press: ? - help, Shift-Dir - straight line, f - Henning's ghost
Aim: Henning's ghost (almost destroyed, chance to defeat MR: 50%) Henning's ghost resists with some effort.
You feel somewhat more hungry. Henning's ghost hits you!
You die...

......##P..PP.P......PP.# #..##..
......##..PP....>....... #...##.
......##P....PP.....P... #....##
......##.P...P...(..PP.. #.....#
......##..PP.PP.P......P #......
>.....###..........PP..# #......
####..# #.P.P.P........# #......
#####.# #...P..W....P.# #......
...##.####....P.@...P..# #......
)ยง.##...>...P%..........
........
...########...P.P.P.P.###########
#### ###.........# ###.....###
#######


You could see Henning's ghost.

Vanquished Creatures
  2 two-headed ogres
  Pikel (D:4)
  2 hippogriffs
  Duvessa (D:4)
  A water moccasin (D:8)
  2 porcupines (D:9)
  3 orc warriors
  3 ice beasts
  5 black bears
  5 ogres
  2 sky beasts
  3 centaurs
  Blork the orc (D:4)
  9 bullfrogs
  3 scorpions
  Dowan (D:4)
  A water moccasin skeleton (D:9)
  8 killer bees
  5 howler monkeys
  3 wights (D:9)
  A bullfrog zombie (D:7)
  2 crimson imps
  5 jellies
  A bullfrog skeleton (D:5)
  4 orc priests
  A centaur skeleton (D:8)
  4 hounds
  10 orc wizards
  A gnoll shaman (D:8)
  2 iguanas
  7 worker ants
  A hound zombie (D:8)
  4 gnolls (D:8)
  A howler monkey skeleton (D:8)
  8 adders
  3 shadow imps
  5 oozes (Sewer)
  3 adder zombies
  2 adder skeletons
  7 worms
  A dart slug (D:1)
  4 leopard geckos
  34 orcs
  2 giant cockroaches (Sewer)
  21 goblins
  10 hobgoblins
  11 jackals
  4 quokkas
  4 ball pythons (D:2)
  19 bats
  4 frilled lizards
  7 kobolds
  6 rats
  2 fungi (D:9)
  A plant (D:9)
263 creatures vanquished.

Vanquished Creatures (others)
  A quokka (D:7)
  30 fungi
  13 plants (D:9)
44 creatures vanquished.

Grand Total: 307 creatures vanquished

Notes
Turn   | Place    | Note
-------+----------+-------------------------------------------
     0 | Abyss:1  | Gargoyl the Centaur Abyssal Knight began the quest for the Orb.
     0 | Abyss:1  | Reached XP level 1. HP: 19/19 MP: 2/2
    33 | Abyss:2  | Found an opulent altar of Gozag.
    97 | Abyss:2  | Noticed a large abomination
    97 | D:1      | Escaped the Abyss
   211 | D:1      | Reached XP level 2. HP: 26/26 MP: 3/3
   224 | D:1      | Reached * piety under Lugonu
   757 | D:2      | Reached XP level 3. HP: 31/31 MP: 4/4
   895 | D:2      | Reached XP level 4. HP: 29/40 MP: 5/5
   924 | D:2      | Reached ** piety under Lugonu
  1307 | D:2      | Found an ornate altar of the Wu Jian Council.
  2099 | D:2      | Reached XP level 5. HP: 42/46 MP: 7/7
  3196 | D:4      | Found a staircase to the Ecumenical Temple.
  3291 | D:4      | Reached XP level 6. HP: 52/52 MP: 8/8
  3360 | D:4      | Reached skill level 1 in Dodging
  3361 | D:4      | Found an opulent altar of Gozag.
  3446 | D:4      | Noticed a slave
  3448 | D:4      | Noticed Pikel
  3449 | D:4      | Noticed a slave
  3449 | D:4      | Noticed a slave
  3449 | D:4      | Noticed a slave
  3488 | D:4      | Killed Pikel
  3488 | D:4      | Reached XP level 7. HP: 49/60 MP: 8/10
  3604 | D:4      | Found Moshiwk's Food Shoppe.
  3613 | D:4      | Found a shattered altar of Ashenzari.
  3750 | D:4      | Noticed Dowan
  3753 | D:4      | Noticed Duvessa
  3756 | D:4      | Killed Dowan
  3756 | D:4      | Reached *** piety under Lugonu
  3785 | D:4      | Killed Duvessa
  4005 | D:4      | Found a glowing drain.
  4016 | Sewer    | Entered a sewer
  4482 | Sewer    | Reached XP level 8. HP: 67/67 MP: 11/11
  4903 | D:4      | Noticed Blork the orc
  4909 | D:4      | Killed Blork the orc
  5184 | D:5      | Entered Level 5 of the Dungeon
  5277 | D:5      | Reached skill level 5 in Axes
  5602 | D:5      | Found an ancient bone altar of Kikubaaqudgha.
  6049 | D:5      | Reached skill level 5 in Armour
  6259 | D:6      | Reached **** piety under Lugonu
  6267 | D:6      | Reached skill level 5 in Invocations
  6282 | D:6      | Reached skill level 5 in Fighting
  6846 | D:6      | Found an iron altar of Okawaru.
  6915 | D:6      | Reached XP level 9. HP: 74/74 MP: 12/12
  7546 | D:7      | Found a burning altar of Makhleb.
  7547 | D:7      | Found a glowing silver altar of Zin.
  7547 | D:7      | Noticed an angel
  7552 | D:7      | Noticed a cacodemon
  7580 | D:7      | Reached skill level 1 in Throwing
  7827 | D:7      | Found Cypoz's Assorted Antiques.
  7835 | D:7      | Bought a glowing broad axe for 189 gold pieces
  7902 | D:7      | Reached ***** piety under Lugonu
  8018 | D:7      | Bought a runed buckler for 202 gold pieces
  8816 | D:8      | Found a shadowy altar of Dithmenos.
  8818 | D:8      | Found a hazy altar of Hepliaklqana.
  8827 | D:8      | Found a white marble altar of Elyvilon.
  8903 | D:8      | Noticed a two-headed ogre
  8915 | D:8      | Killed a two-headed ogre
  8915 | D:8      | Reached XP level 10. HP: 77/83 MP: 14/14
 10223 | D:9      | Found a staircase to the Lair.
 10510 | D:9      | Found a blossoming altar of Fedhas.
 10553 | D:9      | Noticed a two-headed ogre
 10563 | D:9      | Killed a two-headed ogre
 10814 | D:9      | Noticed Henning's ghost (novice TrAK)
 10850 | D:9      | Slain by Henning's ghost

Skill      XL: |  1  2  3  4  5  6  7  8  9 10 |
---------------+-------------------------------+-----
Axes           | 2 3 4 5 7 8 |  8.7
Armour         | 2 3 4 5 7 8 |  8.0
Fighting       | 4 5 6 |  6.6
Invocations    | 3 4 5 6 7 |  7.6
Dodging        | 1 2 |  2.3
Throwing       | 1 |  1.2
Shields        | |  0.7

Action                   |  1- 3 |  4- 6 |  7- 9 | 10-12 || total
-------------------------+-------+-------+-------+-------++-------
Melee: Hand axe          |    46 |   126 |   377 |   199 ||   748
       Kick              |     2 |    19 |    80 |    55 ||   156
Throw: Tomahawk          |       |       |     4 |     4 ||     8
Invok: Depart the Abyss  |     1 |       |       |       ||     1
       Bend Space        |       |       |     1 |       ||     1
       Banish            |       |       |       |     1 ||     1
  Use: Scroll            |     4 |     3 |    10 |     6 ||    23
       Potion            |       |     3 |       |       ||     3
  Eat: Chunk             |       |     5 |    13 |     4 ||    22
       Ration            |       |       |     1 |     1 ||     2
Armor: Ring mail         |    29 |    28 |       |       ||    57
       Leather armour    |     1 |       |       |       ||     1
       Chain mail        |       |    65 |   421 |   173 ||   659
Dodge: Dodged            |    26 |    39 |   117 |    27 ||   209
Block: Buckler           |       |       |     9 |    28 ||    37
